 Dungeon Crawl Stone Soup version 0.28.0-47-ge53b351184 (webtiles) character file.

Game seed: 10512260934108652947

722 Kangaroobicon the Covert (level 7, 0/56 HPs)
             Began as a Gnoll Brigand on Apr 28, 2022.
             Frozen to death by an endoplasm (3 damage)
             ... on level 4 of the Dungeon.
             The game lasted 00:35:19 (3231 turns).

Kangaroobicon the Covert (Gnoll Brigand)            Turns: 3231, Time: 00:35:20

Health: 0/56       AC:  6    Str: 12    XL:     7   Next: 71%
Magic:  0/11       EV: 13    Int: 10    God:
Gold:   131        SH:  0    Dex: 14    Spells: 11/11 levels left

rFire   . . .      SeeInvis .   k - +5 dagger (venom)
rCold   . . .      Faith    .   (no shield)
rNeg    . . .      Spirit   +   b - +0 robe
rPois   .          Reflect  .   p - +0 helmet
rElec   .          Harm     .   s - +1 cloak
rCorr   .          Rampage  .   (no gloves)
Will    .....                   v - +0 pair of boots
Stlth   ++++......              y - amulet of guardian spirit
HPRegen 0.18/turn               (no ring)
MPRegen 0.12/turn               (no ring)

@: no status effects
A: fangs 1, strong nose, distributed training
a: no special abilities


You were on level 4 of the Dungeon.
You visited 1 branch of the dungeon, and saw 4 of its levels.

You collected 131 gold pieces.

Inventory:

Hand Weapons
 c - a +1 mace of protection
 k - a +5 dagger of venom (weapon)
 r - a +4 quarterstaff of chaos
Missiles
 d - 20 poisoned darts (quivered)
 e - 2 curare-tipped darts
 h - 7 sling bullets
 j - 5 silver boomerangs
 l - 128 stones
 t - 9 bolts
 u - a throwing net
 w - 42 arrows
Armour
 b - a +0 robe (worn)
 p - a +0 helmet (worn)
 s - a +1 cloak (worn)
 v - a +0 pair of boots (worn)
Magical Staves
 n - a staff of air
Jewellery
 y - an amulet of guardian spirit (around neck)
Wands
 o - a wand of iceblast (5)
 x - a wand of polymorph (5)
Scrolls
 a - a scroll of blinking {unknown}
 f - a scroll of holy word {unknown}
 g - a scroll of amnesia {unknown}
 i - a scroll of fog {unknown}
 A - a scroll of immolation {unknown}
 B - a scroll of enchant weapon {unknown}
Potions
 m - a potion of attraction
 q - 2 potions of heal wounds
 z - a potion of berserk rage


   Skills:
 + Level 5.3 Fighting
 + Level 5.3 Short Blades
 + Level 2.6 Long Blades
 + Level 2.6 Axes
 + Level 2.6 Maces & Flails
 + Level 2.6 Polearms
 + Level 2.6 Staves
 + Level 2.6 Slings
 + Level 2.6 Bows
 + Level 2.6 Crossbows
 + Level 5.3 Throwing
 + Level 2.6 Armour
 + Level 3.7 Dodging
 + Level 8.3 Stealth
 + Level 2.6 Shields
 + Level 2.6 Unarmed Combat
 + Level 2.6 Spellcasting
 + Level 2.1 Conjurations
 + Level 2.1 Hexes
 + Level 2.1 Summonings
 + Level 2.1 Necromancy
 + Level 2.1 Translocations
 + Level 2.1 Transmutations
 + Level 2.1 Fire Magic
 + Level 2.1 Ice Magic
 + Level 2.1 Air Magic
 + Level 2.1 Earth Magic
 + Level 2.1 Poison Magic
 + Level 3.0 Invocations
 + Level 2.6 Evocations


You had 11 spell levels left.
You didn't know any spells.
Your spell library was empty.

Dungeon Overview and Level Annotations

Branches:
Dungeon (4/15)
 Temple: D:4-7

Altars:

Shops:
D:3 [:*[

Annotations:
D:4 1 runed translucent door


Innate Abilities, Weirdness & Mutations

You have very sharp teeth.
Your uncanny sense of smell can sniff out nearby items.
Your experience applies equally to all skills.


Message History

The yak gores you! The endoplasm completely misses you.
The endoplasm quivers.
You hit the yak but do no damage.
The yak looks as sick as possible!
Your bite misses the yak.
The yak is moderately wounded.
The quokka misses you.
You puncture the yak!
The yak looks as sick as possible!
The yak is severely wounded.
The yak gores you!
* * * LOW HITPOINT WARNING * * *
The endoplasm closely misses you. The quokka barely misses you.
You hit the yak.
The yak looks as sick as possible!
The yak is severely wounded.
The yak barely misses you.
The endoplasm hits you but does no damage.
The quokka bites you but does no damage.
You barely miss the yak.
The yak is severely wounded.
You hit the yak.
The yak looks as sick as possible!
The yak is almost dead.
The quokka closely misses you. The yak gores you!
* * * LOW HITPOINT WARNING * * *
The endoplasm freezes you.
You are frozen.
* * * LOW HITPOINT WARNING * * *
You kill the yak!
Your Invocations skill increases to level 3!
You hit the endoplasm. You bite the endoplasm.
You kill the endoplasm!
The quokka closely misses you.
You hit the quokka.
The quokka is poisoned.
Your punch misses the quokka.
The quokka is almost dead.
The quokka closely misses you.
You puncture the quokka!
You kill the quokka!
You hit the endoplasm.
The endoplasm is almost dead.
The endoplasm freezes you.
You are frozen.
You die...

.......................h......#
.........####.....####........#
.........#[.##...##..#.##.....#
.........#...##.##†).#.####..##
##...#.#...##.##....# #.
##.†#.#'.##.......##
#...###...###...#....###
......†)8..............#
....###..@###........).# ..
##.'#.#Js##.........#
##...#.#...##..##...##
#...##.##...#..##..##
#..##...##.$#.####..#
####.....####..###..##
................##...#
.......#........##...#
B..#...##.............#


You could see a scorpion and an endoplasm.

Vanquished Creatures
  A yak (D:4)
  A black bear (D:4)
  A hound (D:4)
  2 jellies
  An orc priest (D:4)
  Crazy Yiuf (D:2)
  A centaur skeleton (D:3)
  Natasha (thrice) (D:2)
  2 orc wizards (D:4)
  A howler monkey skeleton (D:3)
  3 adders
  4 gnolls (D:2)
  An ufetubus (D:4)
  4 adder skeletons (D:3)
  2 worms
  A dart slug (D:3)
  5 orcs
  A bat (D:2)
  6 endoplasms
  5 giant cockroaches
  11 goblins
  11 hobgoblins
  3 quokkas
  5 ball pythons
  A ball python zombie (D:3)
  4 frilled lizards
  A giant cockroach zombie (D:3)
  8 kobolds
  A quokka skeleton (D:3)
  8 rats
99 creatures vanquished.

Vanquished Creatures (others)
  2 fungi (D:2)
2 creatures vanquished.

Grand Total: 101 creatures vanquished

Notes
Turn   | Place    | Note
-------+----------+-------------------------------------------
     0 | D:1      | Kangaroobicon the Gnoll Brigand began the quest for the
                  | Orb.
     0 | D:1      | Reached XP level 1. HP: 20/20 MP: 1/1
   206 | D:1      | Reached XP level 2. HP: 22/26 MP: 2/2
   638 | D:1      | You fall into a shaft and drop 1 floor!
   806 | D:2      | Reached XP level 3. HP: 31/31 MP: 3/3
  1082 | D:2      | Noticed Natasha
  1102 | D:2      | Killed Natasha
  1103 | D:2      | Reached skill level 1 in Long Blades
  1103 | D:2      | Reached skill level 1 in Axes
  1103 | D:2      | Reached skill level 1 in Maces & Flails
  1103 | D:2      | Reached skill level 1 in Polearms
  1103 | D:2      | Reached skill level 1 in Staves
  1103 | D:2      | Reached skill level 1 in Slings
  1103 | D:2      | Reached skill level 1 in Bows
  1103 | D:2      | Reached skill level 1 in Crossbows
  1103 | D:2      | Reached skill level 1 in Armour
  1103 | D:2      | Reached skill level 1 in Shields
  1103 | D:2      | Reached skill level 1 in Unarmed Combat
  1103 | D:2      | Reached skill level 1 in Spellcasting
  1103 | D:2      | Reached skill level 1 in Invocations
  1103 | D:2      | Reached skill level 1 in Evocations
  1121 | D:2      | Noticed Natasha
  1138 | D:2      | Killed Natasha
  1139 | D:2      | Reached XP level 4. HP: 9/38 MP: 5/5
  1359 | D:2      | Noticed Natasha
  1365 | D:2      | Killed Natasha
  1366 | D:2      | Reached skill level 1 in Conjurations
  1366 | D:2      | Reached skill level 1 in Hexes
  1366 | D:2      | Reached skill level 1 in Summonings
  1366 | D:2      | Reached skill level 1 in Necromancy
  1366 | D:2      | Reached skill level 1 in Translocations
  1366 | D:2      | Reached skill level 1 in Transmutations
  1366 | D:2      | Reached skill level 1 in Fire Magic
  1366 | D:2      | Reached skill level 1 in Ice Magic
  1366 | D:2      | Reached skill level 1 in Air Magic
  1366 | D:2      | Reached skill level 1 in Earth Magic
  1366 | D:2      | Reached skill level 1 in Poison Magic
  1485 | D:2      | Found a runed translucent door.
  1486 | D:2      | Noticed Crazy Yiuf
  1493 | D:2      | Killed Crazy Yiuf
  1494 | D:2      | Reached XP level 5. HP: 43/43 MP: 5/7
  1757 | D:2      | Reached skill level 8 in Stealth
  1897 | D:1      | Found a faded altar of an unknown god.
  2089 | D:3      | Found Hoehuac's Antique Armour Boutique.
  2119 | D:3      | Reached XP level 6. HP: 50/50 MP: 8/8
  2426 | D:3      | Found Nuq Geup's Book Emporium.
  2767 | D:3      | Found Sidef's Assorted Antiques.
  2829 | D:3      | Found Zuxtun's Armour Shoppe.
  2850 | D:3      | Reached skill level 5 in Fighting
  2850 | D:3      | Reached skill level 5 in Short Blades
  2850 | D:3      | Reached skill level 5 in Throwing
  2953 | D:4      | Found a runed translucent door.
  3085 | D:4      | Noticed a black bear
  3119 | D:4      | Killed a black bear
  3127 | D:4      | Reached XP level 7. HP: 40/56 MP: 8/10
  3213 | D:4      | Noticed a yak
  3226 | D:4      | HP: 2/56 [frozen (2)]
  3227 | D:4      | Killed a yak
  3231 | D:4      | Frozen to death by an endoplasm

Illustrated notes

Levels and vault maps discovered:
D:1:      dpeg_arrival_boxes_within_box, layout_basic,
          dreamdust_ecumenical_altar_angels_and_demons, st_stairs_14,
          serial_park_tiny_2, serial_bayou_lagoon_a, minmay_misc_feat_roman
D:2:      layout_loops_ring, uniq_natasha, uniq_crazy_yiuf_cottage
D:3:      layout_loops_corners, serial_undead, serial_undead_f, serial_undead_e,
          serial_undead_e, serial_undead_a, serial_undead_f, serial_undead_e,
          serial_undead_a, serial_undead_a, serial_shops, shop_fountains,
          nicolae_shop_hallway_stairs, shop, nicolae_shop_hallway_stairs,
          grunt_ministairs_7
D:4:      cheibrodos_barr_body, layout_cave_pools, portal_sewer_entry_a,
          ebering_ghost_reflecting_pool

Skill      XL: |  1  2  3  4  5  6  7 |
---------------+----------------------+-----
Long Blades    | 1 2 |  2.6
Axes           | 1 2 |  2.6
Maces & Flails | 1 2 |  2.6
Polearms       | 1 2 |  2.6
Staves         | 1 2 |  2.6
Slings         | 1 2 |  2.6
Bows           | 1 2 |  2.6
Crossbows      | 1 2 |  2.6
Armour         | 1 2 |  2.6
Shields        | 1 2 |  2.6
Unarmed Combat | 1 2 |  2.6
Spellcasting   | 1 2 |  2.6
Invocations    | 1 2 3 |  3.0
Evocations     | 1 2 |  2.6
Conjurations   | 1 2 |  2.1
Hexes          | 1 2 |  2.1
Summonings     | 1 2 |  2.1
Necromancy     | 1 2 |  2.1
Translocations | 1 2 |  2.1
Transmutations | 1 2 |  2.1
Fire Magic     | 1 2 |  2.1
Ice Magic      | 1 2 |  2.1
Air Magic      | 1 2 |  2.1
Earth Magic    | 1 2 |  2.1
Poison Magic   | 1 2 |  2.1
Dodging        | 3 |  3.7
Stealth        | 8 |  8.3
Fighting       | 5 |  5.3
Short Blades   | 5 |  5.3
Throwing       | 5 |  5.3

Action                   |  1- 3 |  4- 6 |  7- 9 || total
-------------------------+-------+-------+-------++-------
Melee: Dagger            |    63 |   114 |    51 ||   228
       Bite              |     3 |    14 |     2 ||    19
       Punch             |       |     3 |     1 ||     4
Throw: Dart              |       |    18 |       ||    18
       Boomerang         |       |     2 |       ||     2
  Use: Scroll            |       |     3 |       ||     3
 Stab: Sleeping          |    10 |    15 |       ||    25
Armor: Robe              |     7 |    20 |    21 ||    48
Dodge: Dodged            |    17 |    50 |    43 ||   110
